 Dungeon Crawl Stone Soup version 0.29.0-13-gc9e81de378 (webtiles) character file.

Game seed: 13526024477352102887

6372 sanka the Grappler (level 10, -13/98 HPs)
             Began as a Troll Monk on Sept 9, 2022.
             Was an Elder of Zin.
             Mangled by a white ugly thing (26 damage)
             ... on level 8 of the Dungeon.
             The game lasted 00:12:50 (7359 turns).

sanka the Grappler (Troll Monk)                     Turns: 7359, Time: 00:12:51

Health: -13/98     AC:  9    Str: 27    XL:     10   Next: 65%
Magic:  12/12      EV: 11    Int: 10    God:    Zin [****..]
Gold:   589        SH:  0    Dex: 18    Spells: 9/9 levels left

rFire   . . .      SeeInvis .     - Unarmed
rCold   . . .      Faith    .   (no shield)
rNeg    . . .      Spirit   .   l - +4 robe of Augmentation {Str+4 Int+4 Dex+4}
rPois   +          Reflect  .   (helmet restricted)
rElec   .          Harm     .   e - +0 cloak
rCorr   .          Rampage  .   (gloves unavailable)
Will    .....                   (boots unavailable)
Stlth   ++........              (no amulet)
HPRegen 1.06/turn               (no ring)
MPRegen 0.13/turn               t - ring of poison resistance

@: no status effects
A: large, unfitting armour, claws 3, regeneration 1, shaggy fur 1, tough skin 1
a: Renounce Religion, Recite, Vitalisation, Imprison, Donate Gold


You were on level 8 of the Dungeon.
You worshipped Zin.
Zin was greatly pleased with you.
You visited 2 branches of the dungeon, and saw 9 of its levels.
You also visited: Ossuary and Bailey.

You collected 654 gold pieces.
You donated 65 gold pieces to Zin.


Innate Abilities, Weirdness & Mutations

You are too large for most types of armour.
You have claws for hands.
Your natural rate of healing is unusually fast.
You are covered in fur. (AC +1)
You have tough skin. (AC +1)


   Skills:
 + Level 5.9 Fighting
 + Level 3.4 Dodging
 - Level 1.0 Stealth
 + Level 13.9 Unarmed Combat
 + Level 4.3 Invocations


You had 9 spell levels left.
You didn't know any spells.
Your spell library contained the following spells:

 Spells                   Type           Power      Damage    Failure   Level
 Freeze                   Ice            0%         1d3       36%         1
 Summon Small Mammal      Summ           0%         N/A       36%         1
 Call Canine Familiar     Summ           0%         N/A       75%         3
 Frozen Ramparts          Ice            0%         1d1       75%         3
 Summon Guardian Golem    Hex/Summ       0%         N/A       75%         3
 Hailstorm                Conj/Ice       0%         3d3       98%         4
 Summon Ice Beast         Ice/Summ       0%         N/A       98%         4
 Summon Mana Viper        Hex/Summ       0%         N/A       100%        5
 Monstrous Menagerie      Summ           0%         N/A       100%        7
 Borgnjor's Revivificati  Necr           0%         N/A       100%        8
 Necromutation            Tmut/Necr      0%         N/A       100%        8
 Death's Door             Necr           0%         N/A       100%        9

Inventory:

Hand Weapons
 q - a +3 scimitar of distortion
Missiles
 n - 2 throwing nets {=f}
 s - 3 large rocks (quivered) {=f}
Armour
 e - a +0 cloak (worn)
 l - the +4 robe of Augmentation (worn) {Str+4 Int+4 Dex+4}

   Str:       It affects your strength (+4).
   Int:       It affects your intelligence (+4).
   Dex:       It affects your dexterity (+4).
 y - a +2 kite shield
Jewellery
 i - a ring of ice
 t - a ring of poison resistance (right claw)
 x - a ring of magical power
 B - an amulet of reflection
Scrolls
 f - 4 scrolls of noise {!r}
 j - 3 scrolls of blinking
 k - 8 scrolls of teleportation {@r4}
 o - 3 scrolls of summoning
 u - 2 scrolls of enchant armour
 v - 2 scrolls of poison
 w - a scroll of amnesia
 z - a scroll of enchant weapon
 C - a scroll of silence {!r}
 E - a scroll of vulnerability {!r}
Potions
 a - 10 potions of curing {@q1}
 b - 3 potions of ambrosia
 c - 3 potions of attraction {unknown}
 d - 6 potions of flight
 g - 4 potions of heal wounds {@q2}
 h - 2 potions of haste {unknown}
 m - 4 potions of brilliance
 p - 3 potions of mutation {unknown}
 r - 3 potions of might {unknown}
 A - a potion of berserk rage {unknown}
 D - a potion of magic {unknown}

Dungeon Overview and Level Annotations

Branches:
Dungeon (8/15)             Temple (1/1) D:6         Ossuary (visited)
 Bailey (visited)
   Lair: D:8-11

Altars:
Ashenzari
Cheibriados
Dithmenos
Fedhas
Hepliaklqana
Kikubaaqudgha
Makhleb
Qazlal
Ru
Trog
Uskayaw
Vehumet
Wu Jian
Yredelemnul
Zin
The Shining One

▒ ▒▒..▒▒▒▒▒▒... ▒ ▒
▒............... ▒ ▒.
▒.).........)...▒ ▒
▒▒.▒▒▒...............▒
........................
▒▒▒▒....▒▒..▒.........▒
. ..▒▒.....▒.........▒
.. ▒ ▒▒▒...▒.........▒
.▒▒ ▒.<.▒...T.....▒ .▒
▒...▒....u....▒ ▒▒
▒...▒▒▒▒▒▒....▒ ▒....
......... ▒...▒▒
..>.....▒▒ ▒....
.......▒..▒ ▒▒▒..
....▒▒▒..... ▒..u...
▒▒▒▒. ▒.....


You could see a white ugly thing.


Message History

You pick up a book of Frost and begin reading...
You add the spells Freeze, Frozen Ramparts and Hailstorm to your library.
A wraith comes into view.
Found a stone staircase leading down.
The wraith hits you but does no damage.
You mangle the wraith!!
The wraith is severely damaged.
The wraith hits you! The wraith drains your vigour!
You feel yourself slow down. The wraith hits you!
You mangle the wraith!!
You destroy the wraith!
You closely miss the white ugly thing. The white ugly thing claws you!
The white ugly thing freezes you!!
The white ugly thing closely misses you.
You mangle the white ugly thing!!
The white ugly thing is moderately wounded.
The white ugly thing claws you!
* * * LOW HITPOINT WARNING * * *
The white ugly thing freezes you!!
* * * LOW HITPOINT WARNING * * *
You claw the white ugly thing!
The white ugly thing is heavily wounded.
You feel yourself speed up. The white ugly thing claws you.
* * * LOW HITPOINT WARNING * * *
The white ugly thing freezes you!!
You die...

Action                   |  1- 3 |  4- 6 |  7- 9 | 10-12 || total
-------------------------+-------+-------+-------+-------++-------
Melee: Unarmed           |    92 |   118 |   260 |   109 ||   579
       Punch             |     2 |     6 |    16 |     6 ||    30
Throw: Large rock        |       |       |     3 |       ||     3
Invok: Recite            |       |       |       |     1 ||     1
  Use: Scroll            |       |       |       |    15 ||    15
       Potion            |       |       |       |     1 ||     1
 Stab: Sleeping          |     4 |    12 |     4 |       ||    20
Armor: Robe              |    44 |    30 |   105 |    41 ||   220
Dodge: Dodged            |    52 |    31 |   121 |    73 ||   277

Levels and vault maps discovered:
D:1:      erik_arrival_cave_to_civilisation [erik_arrival_cave_to_temple],
          layout_basic, serial_bayou_pond_b
D:2:      layout_basic, uniq_crazy_yiuf_cottage
D:3:      layout_basic
D:4:      nicolae_BIG_FREAKIN_CUBE, layout_basic,
          mainiacjoe_overflow_small_starburst, corexii_leaking_fountain,
          uniq_robin
D:5:      kennysheep_windowed_halls, layout_cave_pools,
          nzn_wu_jian_contemplation, trog_book, enter_ossuary_1,
          minmay_liquid_box
D:6:      layout_gridville, mainiacjoe_overflow_alcove_4,
          minmay_temple_entry_arrows
D:7:      black_bear_nest_1, layout_loops_ring, mainiacjoe_overflow_alcove_2
D:8:      minmay_cut_squares, layout_rooms, tgw_sif,
          nicolae_overflow_hidden_temple, okawaru_altar_gauntlet_db,
          grunt_dithmenos_shadows, enter_bailey_6
Temple:   hellmonk_temple_micro_hex

Notes
Turn   | Place    | Note
-------+----------+-------------------------------------------
     0 | D:1      | sanka the Troll Monk began the quest for the Orb.
     0 | D:1      | Reached XP level 1. HP: 22/22 MP: 0/0
    31 | D:1      | Found a large runed translucent door.
    31 | D:1      | Found a large runed translucent door.
    55 | D:1      | Noticed an orc warrior
    56 | D:1      | Noticed an orc wizard
    81 | D:1      | Reached XP level 2. HP: 29/29 MP: 1/1
   318 | D:1      | Reached skill level 4 in Unarmed Combat
   332 | D:1      | Reached XP level 3. HP: 33/36 MP: 2/2
   811 | D:2      | Found the +4 robe of Augmentation {Str+4 Int+4 Dex+4}
  1108 | D:2      | Found a runed translucent door.
  1109 | D:2      | Noticed Crazy Yiuf
  1451 | D:2      | Killed Crazy Yiuf
  1452 | D:2      | Reached skill level 5 in Unarmed Combat
  1452 | D:2      | Reached XP level 4. HP: 31/44 MP: 3/3
  1703 | D:3      | Reached XP level 5. HP: 41/50 MP: 4/4
  1889 | D:3      | Reached skill level 6 in Unarmed Combat
  2189 | D:3      | Noticed an ogre
  2198 | D:3      | Killed an ogre
  2538 | D:4      | Reached XP level 6. HP: 59/59 MP: 5/5
  2656 | D:4      | Found a radiant altar of Vehumet.
  2659 | D:4      | Noticed Robin
  2680 | D:4      | Reached skill level 7 in Unarmed Combat
  2702 | D:4      | Killed Robin
  3101 | D:4      | Reached skill level 8 in Unarmed Combat
  3101 | D:4      | Reached XP level 7. HP: 66/66 MP: 6/6
  3283 | D:5      | Entered Level 5 of the Dungeon
  3291 | D:5      | Found a sand-covered staircase.
  3306 | Ossuary  | Entered an ossuary
  3563 | D:5      | Reached skill level 9 in Unarmed Combat
  3805 | D:5      | Found an ornate altar of the Wu Jian Council.
  3895 | D:5      | Found a bloodstained altar of Trog.
  3973 | D:5      | Noticed a two-headed ogre
  4054 | D:5      | Killed a two-headed ogre
  4055 | D:5      | Reached skill level 11 in Unarmed Combat
  4055 | D:5      | Reached XP level 8. HP: 74/74 MP: 7/7
  4139 | D:5      | Identified +0 steam dragon scales
  4140 | D:5      | Reached skill level 12 in Unarmed Combat
  4140 | D:5      | Reached XP level 9. HP: 80/80 MP: 8/8
  4708 | D:6      | Reached skill level 3 in Fighting
  5028 | D:6      | Reached skill level 13 in Unarmed Combat
  5120 | D:6      | Found a staircase to the Ecumenical Temple.
  5144 | D:6      | Reached skill level 4 in Fighting
  5345 | D:6      | Found a hazy altar of Hepliaklqana.
  5396 | Temple   | Entered the Ecumenical Temple
  5401 | Temple   | Became a worshipper of Zin the Law-Giver
  5401 | Temple   | Reached * piety under Zin
  5401 | Temple   | Reached ** piety under Zin
  5401 | Temple   | Reached *** piety under Zin
  5620 | D:7      | Reached skill level 1 in Invocations
  5913 | D:7      | Reached skill level 2 in Invocations
  5983 | D:7      | Found a stormy altar of Qazlal.
  6436 | D:8      | Noticed a cyclops
  6447 | D:7      | Reached XP level 10. HP: 94/94 MP: 10/10
  6456 | D:8      | Noticed a white ugly thing
  6462 | D:7      | Killed a cyclops
  6463 | D:7      | Reached skill level 5 in Fighting
  6464 | D:7      | Reached skill level 3 in Invocations
  6558 | D:8      | Found a flagged portal.
  6613 | Bailey   | Entered a bailey
  6803 | Bailey   | Reached **** piety under Zin
  6969 | Bailey   | Identified a +0 crystal plate armour
  6991 | Bailey   | Noticed Grum
  7015 | Bailey   | Reached skill level 3 in Dodging
  7028 | Bailey   | Killed Grum
  7041 | Bailey   | Reached skill level 4 in Invocations
  7311 | D:8      | Found a shadowy altar of Dithmenos.
  7359 | D:8      | Mangled by a white ugly thing

Vanquished Creatures
  A two-headed ogre (D:5)
  A cyclops (D:7)
  A tengu conjurer (D:8)
  A wraith (D:8)
  A shadow (D:5)
  2 steam dragons
  Grum (Bailey)
  2 orc warriors
  An ice beast (D:5)
  2 black bears
  3 ogres
  3 centaurs
  7 wolves (Bailey)
  5 phantoms
  A kobold brigand (D:7)
  6 gnoll sergeants (Bailey)
  3 bullfrogs (D:7)
  8 scorpions
  4 killer bees
  A howler monkey (D:5)
  2 orc priests
  8 hounds
  4 jellies
  4 gnoll boudas (Bailey)
  Crazy Yiuf (D:2)
  2 iguanas
  7 orc wizards
  8 mummies (Ossuary)
  Robin (D:4)
  12 gnolls
  11 adders
  2 white imps
  An ufetubus (D:5)
  2 dart slugs (D:5)
  36 orcs
  7 bats
  6 endoplasms
  4 giant cockroaches
  A gnoll zombie (Ossuary)
  15 goblins
  12 hobgoblins
  6 jackals (D:1)
  5 quokkas
  11 ball pythons
  2 frilled lizards
  4 hobgoblin zombies (Ossuary)
  15 kobolds
  2 kobold zombies (Ossuary)
  An orc zombie (Ossuary)
  6 rats
252 creatures vanquished.
